 Dungeon Crawl Stone Soup version 0.26-a0-1013-gf6ffb0d6bd (webtiles) character file.

Game seed: 2970185337898656264

2382 dickylongcocking the Thaumaturge (level 9, -1/39 HPs)
             Began as a Spriggan Conjurer on Dec 8, 2020.
             Was a Follower of Makhleb.
             Shot with a sling bullet by Joseph (24 damage)
             ... on level 7 of the Dungeon.
             The game lasted 00:15:02 (8131 turns).

dickylongcocking the Thaumaturge (SpCj)             Turns: 8131, Time: 00:15:02

Health: -1/39      AC:  3    Str:  3    XL:     9   Next: 22%
Magic:  21/23      EV: 18    Int: 23    God:    Makhleb [*.....]
Gold:   344        SH:  5    Dex: 16    Spells: 12/27 levels left

rFire    . . .     SeeInvis +   y - +11 war axe "Fewkelu" {holy, Dex+2}
rCold    + . .     Faith    .   (shield restricted)
rNeg     . . .     Spirit   .   a - +1 robe
rPois    .         Reflect  +   (helmet restricted)
rElec    .         Harm     .   (no cloak)
rCorr    .         Rampage  .   (gloves unavailable)
Will     +....                  (boots unavailable)
Stlth    ++........             c - amulet of reflection
HPRegen  0.13/turn              (no ring)
MPRegen  0.18/turn              g - ring of protection from cold

@: very quick
A: very small, unfitting armour, see invisible, speed 3
a: Renounce Religion


You were on level 7 of the Dungeon.
You worshipped Makhleb.
Makhleb was aware of your devotion.
You visited 1 branch of the dungeon, and saw 7 of its levels.
You also visited: Sewer.

You collected 344 gold pieces.

Inventory:

Hand Weapons
 b - a +0 whip
 d - a +0 dagger
 l - a +2 dagger of venom
 y - the +11 war axe "Fewkelu" (weapon) {holy, Dex+2}
   (You found it in a sewer)

   It has been blessed by the Shining One to cause great damage to the undead
   and demons.
   It affects your dexterity (+2).
Armour
 a - a +1 robe (worn)
 p - a +1 robe of cold resistance
 t - the cursed +1 robe of Wonder {rC++ Int-4 Dex+4, unknown}
   (You found it on level 5 of the Dungeon)

   It affects your intelligence (-4).
   It affects your dexterity (+4).
   It greatly protects you from cold.
   It has a curse placed upon it.
Jewellery
 c - an amulet of reflection (around neck)
 g - a ring of protection from cold (right hand)
Wands
 q - a wand of disintegration (12)
 v - a wand of random effects (12)
 x - a wand of flame (20)
 z - a wand of acid (3)
Scrolls
 f - a scroll of immolation
 h - a scroll of noise
 j - 3 scrolls of teleportation
 k - a scroll of blinking
 o - a scroll of fear {unknown}
 r - a scroll of enchant armour
 u - a scroll of identify
 A - a scroll of amnesia {unknown}
Potions
 e - 4 potions of curing
 i - a potion of ambrosia {unknown}
 m - a potion of mutation {unknown}
 n - 2 potions of flight {unknown}
 s - 4 potions of degeneration {unknown}
 w - a potion of berserk rage {unknown}
 B - 2 potions of lignification


   Skills:
 - Level 3.0 Dodging
 - Level 3.0 Stealth
 * Level 9.7 Spellcasting
 - Level 3.0 Conjurations
 * Level 8.0 Hexes
 * Level 9.5 Translocations


You had 12 spell levels left.
You knew the following spells:

 Your Spells              Type           Power        Failure   Level
a - Magic Dart            Conj           ####         1%          1
b - Searing Ray           Conj           ####..       2%          2
c - Apportation           Tloc           ######       1%          1
d - Iskenderun's Mystic   Conj/Tloc      #####...     4%          4
e - Fulminant Prism       Conj/Hex       #####.....   6%          4
f - Tukima's Dance        Hex            #####...     1%          3

Your spell library contained the following spells:

 Spells                   Type           Power        Failure   Level
 Corona                   Hex            #####..      1%          1
 Blink                    Tloc           N/A          1%          2
 Ensorcelled Hibernation  Hex/Ice        ####..       1%          2
 Slow                     Hex            #####...     1%          2
 Confusing Touch          Hex            #####...     1%          3
 Dazzling Flash           Conj/Hex       #####.       1%          3
 Animate Skeleton         Necr           ##....       6%          1
 Summon Small Mammal      Summ           ##..         6%          1
 Call Imp                 Summ           ##......     9%          2
 Conjure Flame            Conj/Fire      ###.....     10%         3
 Mephitic Cloud           Conj/Pois/Air  ###.....     12%         3


Dungeon Overview and Level Annotations

Branches:
Dungeon (7/15)              Sewer (visited)
 Temple: D:4-7

Altars:
Ashenzari
Cheibriados
Kikubaaqudgha
Makhleb
Yredelemnul

Shops:
D:4 (

Annotations:
D:7 Joseph


Innate Abilities, Weirdness & Mutations

You are very small and have problems with some larger weapons.
You are too small for most types of armour.
You have supernaturally acute eyesight. (SInv)
You cover ground extremely quickly.


Message History

Joseph unwields a +3 spectral quarterstaff.
The spectral weapon fades away.
Joseph wields a +4 hunting sling.
Joseph shoots a sling bullet.
You reflect the sling bullet off an invisible shield around you!
The sling bullet barely misses Joseph.
Your Hexes skill increases to level 8!
Joseph shoots a sling bullet.
The sling bullet hits you!
You see here a sling bullet.
Okay, then.
Casting: Searing Ray (safe; 2% risk of failure)
Confirm with . or Enter, or press ? or * to list all spells.
Aiming: Searing Ray (safe; 2% risk of failure)
Press: ? - help, Shift-Dir - straight line, f - ogre
Aim: an ogre, wielding a +0 giant club (10% to evade)
The searing ray hits the ogre!
The ogre is heavily wounded. (Press . to maintain the ray.) Joseph shoots a sling bullet.
The sling bullet hits you!!
Ouch! That really hurt!
You die...

#.... .......(. #....
......... ###.# ###.#
........# #...######.#
.......@# #...+.......
........### #...######..
.......l..# #...#.......
..........######...#....(..
......†O(.@..<.....#.......
.....#####.........#######.
... #................. .
#######...........
#........... #.......)...
##.......... ###########


You could see Joseph, an ogre and a leopard gecko.

Vanquished Creatures
  The ghost of lordvenom1 the Frost Mage, a novice MfIE (D:6)
  Purgy (Sewer)
  3 sky beasts
  A phantom (D:5)
  2 ogres
  2 centaurs
  2 bullfrogs
  A scorpion (D:5)
  A howler monkey (D:6)
  A centaur zombie (D:5)
  A bullfrog zombie (D:6)
  2 hounds
  A quasit (D:4)
  2 orc wizards
  A bullfrog skeleton (D:6)
  2 jellies (D:6)
  Terence (D:3)
  2 iguanas
  7 worker ants
  A killer bee zombie (D:6)
  A hound skeleton (D:4)
  A howler monkey zombie (D:6)
  A worker ant zombie (D:6)
  A river rat (D:6)
  12 adders
  3 gnolls (D:4)
  3 ufetubi
  4 oozes
  An adder skeleton (D:5)
  An adder zombie (D:5)
  5 worms
  A dart slug (D:1)
  7 leopard geckos
  10 orcs
  9 bats
  6 giant cockroaches
  6 goblins
  10 hobgoblins
  5 jackals (D:1)
  8 kobolds
  A quokka (D:6)
  A ball python (D:6)
  7 frilled lizards
  2 jackal skeletons
  A quokka skeleton (D:6)
  3 rats
  A spectral orc (D:3)
146 creatures vanquished.

Vanquished Creatures (others)
  A fulminant prism (Sewer)
  5 plants (D:1)
6 creatures vanquished.

Grand Total: 152 creatures vanquished

Notes
Turn   | Place    | Note
-------+----------+-------------------------------------------
     0 | D:1      | dickylongcocking the Spriggan Conjurer began the quest for
                  | the Orb.
     0 | D:1      | Reached XP level 1. HP: 9/9 MP: 5/5
   218 | D:1      | Reached XP level 2. HP: 10/13 MP: 0/7
  1222 | D:1      | Learned a level 2 spell: Searing Ray
  1388 | D:2      | Reached XP level 3. HP: 16/16 MP: 1/9
  1600 | D:2      | Reached skill level 5 in Spellcasting
  1655 | D:2      | Learned a level 1 spell: Apportation
  1689 | D:2      | Reached XP level 4. HP: 21/21 MP: 2/12
  1694 | D:2      | Learned a level 4 spell: Iskenderun's Mystic Blast
  1699 | D:2      | Learned a level 4 spell: Fulminant Prism
  2262 | D:2      | Reached skill level 1 in Translocations
  2314 | D:3      | Reached skill level 1 in Hexes
  2345 | D:3      | Noticed an ogre
  2545 | D:3      | Found a snail-covered altar of Cheibriados.
  2739 | D:3      | Noticed Terence
  2754 | D:3      | Killed Terence
  2755 | D:3      | Reached XP level 5. HP: 24/24 MP: 4/14
  3134 | D:3      | Killed an ogre
  3243 | D:3      | Found a basalt altar of Yredelemnul.
  3297 | D:4      | Noticed an ogre
  3308 | D:4      | Found Syirul's Weapon Shop.
  3708 | D:4      | Reached XP level 6. HP: 23/28 MP: 2/16
  4043 | D:4      | Reached XP level 7. HP: 14/32 MP: 10/18
  4275 | D:4      | Found a broken altar of Ashenzari.
  4399 | D:4      | Reached skill level 5 in Translocations
  4743 | D:5      | Entered Level 5 of the Dungeon
  4901 | D:5      | Got a colourful robe
  5575 | D:5      | Reached skill level 5 in Hexes
  6113 | D:5      | Found a burning altar of Makhleb.
  6307 | D:5      | Reached XP level 8. HP: 29/36 MP: 13/20
  6316 | D:5      | Became a worshipper of Makhleb the Destroyer
  6476 | D:6      | Learned a level 3 spell: Tukima's Dance
  6607 | D:6      | Found a large runed translucent door.
  6608 | D:6      | Found a large runed translucent door.
  6609 | D:6      | Noticed lordvenom1's ghost (novice MfIE)
  6644 | D:6      | Found a glowing drain.
  6667 | Sewer    | Entered a sewer
  6799 | Sewer    | Noticed Purgy
  6825 | Sewer    | Killed Purgy
  7083 | Sewer    | Got a steaming war axe
  7083 | Sewer    | Identified the +11 war axe "Fewkelu" {holy, Dex+2} (You
                  | found it in a sewer)
  7140 | D:6      | Found an ancient bone altar of Kikubaaqudgha.
  7491 | D:6      | Reached * piety under Makhleb
  8022 | D:6      | Killed lordvenom1's ghost
  8023 | D:6      | Reached XP level 9. HP: 34/39 MP: 23/23
  8126 | D:7      | Noticed Joseph
  8131 | D:7      | Shot with a sling bullet by Joseph

Illustrated notes

Levels and vault maps discovered:
D:1:      tarquinn_simple_flora_water_c, layout_basic
D:2:      layout_rooms
D:3:      layout_rooms, lemuel_crystal_altar,
          yredelemnul_forgotten_temple_becter, uniq_terence
D:4:      layout_cave_pools, evilmike_ruin_ashenzari, serial_shops, shop_statue,
          nrook_mini_backslash
D:5:      layout_loops_ring, lightli_temple_of_fire, tso_altar
D:6:      layout_rooms, lemuel_doored_altar, portal_sewer_entry_a,
          ebering_ghost_disaster_area
D:7:      layout_basic, minmay_temple_entry_fiery, uniq_joseph

Skill      XL: |  1  2  3  4  5  6  7  8  9 |
---------------+----------------------------+-----
Conjurations   | 3 |  3.0
Spellcasting   | 3 4 5 6 7 9 |  9.7
Translocations | 2 3 4 6 9 |  9.5
Hexes          | 1 2 4 5 7 8 |  8.0
Dodging        | |  3.0
Stealth        | |  3.0

Action                   |  1- 3 |  4- 6 |  7- 9 || total
-------------------------+-------+-------+-------++-------
Melee: Unarmed           |     4 |       |       ||     4
       Dagger            |     7 |    65 |    73 ||   145
       Whip              |     3 |       |       ||     3
       War axe           |       |       |    45 ||    45
 Cast: Magic Dart        |    44 |    11 |    10 ||    65
       Searing Ray       |    13 |    21 |    29 ||    63
       Iskenderun's Myst |       |     8 |    23 ||    31
       Fulminant Prism   |       |       |     1 ||     1
Evoke: Wand              |       |     4 |     5 ||     9
  Use: Scroll            |     4 |     7 |     2 ||    13
       Potion            |       |     3 |       ||     3
 Stab: Sleeping          |       |     3 |     5 ||     8
Armor: Robe              |     4 |    10 |    13 ||    27
       Skin              |       |    73 |       ||    73
Dodge: Dodged            |    37 |    71 |   146 ||   254
Block: Other             |       |       |    37 ||    37
       Reflection        |       |       |     1 ||     1

Table legend: (Time is in decaauts)
 A = Elapsed time spent in this place.
 B = Non-inter-level travel time spent in this place.
 C = Inter-level travel time spent in this place.
 D = Time resting spent in this place.
 E = Time spent auto-exploring this place.
 F = Levels seen in this place.
 G = Mean time per level.
                   A        B        C        D        E       F      G
               +--------+--------+--------+--------+--------+-----+--------+
         Total |   6793 |   6556 |    237 |   2037 |   3426 |   8 |  849.1 |
       Dungeon |   6395 |   6158 |    237 |   1726 |   3392 |   7 |  913.6 |
         Sewer |    398 |    398 |      0 |    311 |     34 |   1 |  398.0 |
               +--------+--------+--------+--------+--------+-----+--------+

Top non-repeatable levels by time:
     D:3: 1578 daAuts
     D:5: 1563 daAuts
     D:1: 1083 daAuts
     D:6: 826 daAuts
     D:2: 806 daAuts
     D:4: 498 daAuts
   Sewer: 398 daAuts
     D:7: 37 daAuts
